 Dungeon Crawl Stone Soup version 0.30-a0-6-g7c9e10e132 (webtiles) character file.

Game seed: 2864702617238364108

1760 ytrimaz the Transmogrifier (level 8, -1/61 (66) HPs)
             Began as a Demonspawn Transmuter on Aug 22, 2022.
             Slain by a wight
             ... wielding a +0 spear
              (5 damage)
             ... on level 7 of the Dungeon.
             The game lasted 00:09:53 (10452 turns).

ytrimaz the Transmogrifier (Demonspawn Transmuter) Turns: 10452, Time: 00:09:54

HP:   -1/61 (66)    AC:  7    Str: 12    XL:     8   Next: 79%
MP:   13/13         EV: 15    Int: 16    God:
Gold: 381           SH:  0    Dex: 13    Spells: 4/13 levels left

rFire   x . .      SeeInvis +      - Unarmed
rCold   + + +      Faith    .    (shield currently unavailable)
rNeg    . . .      Spirit   .    (body armour currently unavailable)
rPois   +          Reflect  .    (helmet currently unavailable)
rElec   .          Harm     .    (cloak currently unavailable)
rCorr   +          Rampage  .    (gloves currently unavailable)
Will    .....                    (boots currently unavailable)
Stlth   +.........               e - amulet of magic regeneration
HPRegen 0.20/turn                s - ring of see invisible
MPRegen 0.53/turn                v - ring of resist corrosion

@: agile, ice-form, drained
A: freezing attack, amphibious, boosted hp, large, (hooves 1), rugged brown
scales 1, powered by pain 1, demonic magic 2
a: End Transformation


You were on level 7 of the Dungeon.
You were a creature of crystalline ice.
You visited 1 branch of the dungeon, and saw 7 of its levels.

You collected 381 gold pieces.

Inventory:

Missiles
 r - 4 throwing nets
Armour
 a - a +0 robe
 y - a +2 robe of willpower (melded)
Magical Staves
 p - a staff of cold
Jewellery
 e - an amulet of magic regeneration (around neck)
 s - a ring of see invisible (left front paw)
 v - a ring of resist corrosion (right front paw)
Wands
 c - a wand of iceblast (17)
Scrolls
 b - a scroll of summoning
 h - 4 scrolls of teleportation
 j - 2 scrolls of enchant weapon
 l - a scroll of magic mapping
 t - a scroll of butterflies
 w - a scroll of identify
 B - 2 scrolls of amnesia
Potions
 d - 3 potions of attraction
 f - a potion of brilliance
 g - 4 potions of magic
 i - 2 potions of invisibility
 k - 4 potions of flight
 m - 4 potions of mutation
 n - a potion of might
 o - a potion of lignification
 q - 2 potions of curing {unknown}
 u - a potion of resistance {unknown}


   Skills:
 - Level 1.0 Fighting
 - Level 1.7 Dodging
 - Level 4.9 Unarmed Combat
 - Level 3.4 Spellcasting
 * Level 9.1 Transmutations
 + Level 1.2 Ice Magic


You had 4 spell levels left.
You knew the following spells:

 Your Spells              Type           Power      Damage    Failure   Level
a - Beastly Appendage     Tmut           64%        N/A       1%          1
b - Wereblood             Tmut           32%        N/A       1%          2
c - Blink                 Tloc           4%         N/A       26%         2
d - Ice Form              Ice/Tmut       19%        N/A       21%         4

Your spell library contained the following spells:

 Spells                   Type           Power      Damage    Failure   Level
 Sting                    Tmut/Pois      68%        1d6       2%          1
 Passwall                 Tmut/Erth      14%        N/A       4%          2
 Spider Form              Tmut/Pois      17%        N/A       9%          3
 Ignite Poison            Fire/Tmut/Pois 12%        N/A       16%         3
 Foxfire                  Conj/Fire      8%         2x1d4     19%         1
 Sandblast                Erth           4%         2d4       19%         1
 Poisonous Vapours        Pois/Air       4%         N/A       26%         2
 Scorch                   Fire           4%         2d5       26%         2
 Conjure Flame            Conj/Fire      2%         6-21      47%         3
 Inner Flame              Hex/Fire       2%         N/A       47%         3
 Mephitic Cloud           Conj/Pois/Air  2%         N/A       47%         3
 Portal Projectile        Hex/Tloc       4%         N/A       47%         3
 Stone Arrow              Conj/Erth      4%         3d7       47%         3
 Tukima's Dance           Hex            2%         N/A       47%         3
 Flame Wave               Conj/Fire      2%         2d4       87%         4
 Olgreb's Toxic Radiance  Pois           2%         N/A       87%         4
 Blade Hands              Tmut           16%        N/A       12%         5
 Freezing Cloud           Conj/Ice/Air   2%         6-21      99%         5
 Manifold Assault         Tloc           2%         N/A       99%         5
 Summon Cactus Giant      Summ           1%         N/A       100%        6
 Storm Form               Tmut/Air       8%         N/A       100%        7


Dungeon Overview and Level Annotations

Branches:
Dungeon (7/15)             Temple (0/1) D:6

Altars:
Uskayaw
Yredelemnul


Innate Abilities, Weirdness & Mutations

You are a creature of crystalline ice.
You have a powerful freezing melee attack.
You are amphibious.
Your maximum health is increased.
Your armour is entirely melded.
You are incapable of wielding weapons or throwing items.
((You have large cloven feet.))
(You are partially covered in rugged brown scales. (AC +1, +3% HP))
You sometimes gain a little power by taking damage.
Spells you cast may paralyse nearby enemies.


Message History

The wight closely misses you.
Your magical contamination has completely faded away.
You are too injured to fight recklessly!
Unknown command.
You are too injured to fight recklessly!
You barely miss the wight.
The wight is severely damaged.
The wight hits you from afar with a +0 spear.
The wight hits you but does no damage. x2
Unknown command.
You punch the wight!
You destroy the wight!
The wight hits you but does no damage. The wight misses you.
Unknown command.
You punch the wight!
The wight is almost destroyed.
The wight closely misses you. The wight hits you with a +0 scimitar.
* * * LOW HITPOINT WARNING * * *
The wight hits you but does no damage.
Unknown command.
You hit the wight but do no damage.
The wight is almost destroyed.
The wight misses you. The wight completely misses you. The wight misses you.
Unknown command.
You hit the wight.
The wight is almost destroyed.
Unknown command.
You hit the wight but do no damage.
The wight is almost destroyed.
The wight hits you from afar with a +0 spear!
* * * LOW HITPOINT WARNING * * *
You feel drained.
* * * LOW HITPOINT WARNING * * *
The wight closely misses you. x2
Unknown command.
You punch the wight!
You destroy the wight!
The wight misses you.
The wight hits you from afar with a +0 spear.
You die...

....... ... .......###..
........#..# ...
...........###
###...................
...............z....###
.........>.....)).....#
..#............zY.....#
............##........#
............##........#
...##.......####).....##
..####......# ##.......(
..#.##......# #.........
.........#### #.#####.##
..#..#...#### #.### #.#
..####......# #...#...#


You could see 2 wights.

Vanquished Creatures
  A black bear (D:6)
  2 ice beasts
  A sky beast (D:6)
  An ogre (D:6)
  A phantom (D:5)
  A bullfrog (D:6)
  2 necrophages
  A scorpion (D:5)
  6 wights
  An orc priest (D:6)
  2 gnoll boudas
  4 hounds
  4 iguanas
  2 orc wizards
  Robin (D:2)
  14 gnolls
  9 adders
  A white imp (D:6)
  2 ufetubi (D:4)
  A worm (D:2)
  6 dart slugs
  18 orcs
  7 endoplasms
  2 giant cockroaches (D:4)
  4 hobgoblins
  7 jackals
  5 kobolds
  4 quokkas
  10 ball pythons
  6 bats
  A frilled lizard (D:3)
  16 goblins
  8 rats
151 creatures vanquished.

Vanquished Creatures (collateral kills)
  A bat (D:3)
1 creature vanquished.

Grand Total: 152 creatures vanquished

Notes
Turn   | Place    | Note
-------+----------+-------------------------------------------
     0 | D:1      | ytrimaz the Demonspawn Transmuter began the quest for the
                  | Orb.
     0 | D:1      | Reached XP level 1. HP: 15/15 MP: 3/3
   124 | D:1      | Reached skill level 2 in Transmutations
   141 | D:1      | Gained mutation: You sometimes gain a little power by
                  | taking damage. [demonic ancestry]
   141 | D:1      | Reached XP level 2. HP: 20/21 MP: 3/5
   894 | D:2      | Found a faded altar of an unknown god.
   947 | D:2      | Reached XP level 3. HP: 18/26 MP: 6/6
   958 | D:2      | Learned a level 2 spell: Wereblood
  1655 | D:2      | Gained mutation: Spells you cast may paralyse adjacent
                  | enemies. [demonic ancestry]
  1655 | D:2      | Reached XP level 4. HP: 23/32 MP: 7/7
  1807 | D:2      | Learned a level 2 spell: Blink
  1877 | D:2      | Noticed Robin
  1891 | D:2      | Killed Robin
  1892 | D:2      | Reached skill level 3 in Transmutations
  2585 | D:3      | Found Botz's Antique Armour Shop.
  2960 | D:3      | Gained mutation: Spells you cast may paralyse nearby
                  | enemies. [demonic ancestry]
  2960 | D:3      | Reached XP level 5. HP: 37/37 MP: 9/9
  3148 | D:3      | Identified the +7 short sword "Sexzourgh" {freeze, rN++}
  3156 | D:3      | Lost mutation: You have razor-sharp toenails. [demonic
                  | ancestry]
  3156 | D:3      | Lost mutation: You have sharp toenails. [demonic ancestry]
  3156 | D:3      | Gained mutation: You have large cloven feet. [demonic
                  | ancestry]
  3156 | D:3      | Reached XP level 6. HP: 11/43 MP: 10/10
  3735 | D:3      | Reached skill level 4 in Transmutations
  4083 | D:2      | Learned a level 4 spell: Ice Form
  6259 | D:4      | Found a basalt altar of Yredelemnul.
  6325 | D:4      | HP: 1/43 [ufetubus (3)]
  6336 | D:4      | HP: 1/43 [constriction (1)]
  6698 | D:4      | Reached XP level 7. HP: 33/48 MP: 12/12
  7055 | D:5      | Entered Level 5 of the Dungeon
  7064 | D:5      | Reached skill level 5 in Transmutations
  7479 | D:5      | Reached skill level 6 in Transmutations
  7523 | D:5      | Found a hide-covered altar of Uskayaw.
  8275 | D:5      | Reached skill level 7 in Transmutations
  8275 | D:5      | Gained mutation: You are partially covered in rugged brown
                  | scales. (AC +1, +3% HP) [demonic ancestry]
  8275 | D:5      | Reached XP level 8. HP: 52/55 MP: 5/13
  9388 | D:6      | Reached skill level 8 in Transmutations
  9996 | D:6      | Found a staircase to the Ecumenical Temple.
 10042 | D:6      | Reached skill level 1 in Ice Magic
 10438 | D:7      | Reached skill level 9 in Transmutations
 10452 | D:7      | Slain by a wight

Illustrated notes

Levels and vault maps discovered:
D:1:      dpeg_arrival_connections, layout_loops_cross
D:2:      layout_loops_ring, ebering_ecumenical_altar_mist, uniq_robin
D:3:      kennysheep_six_static_rooms, layout_rooms, serial_shops,
          nicolae_shop_temple_entry_statues_fountains
D:4:      layout_cave_pools, kennysheep_ying_yang, serial_rivers,
          chequers_serial_rivers_small_b, chequers_serial_rivers_marsh,
          chequers_serial_rivers_micro_b, chequers_serial_rivers_micro_d,
          chequers_serial_rivers_marsh, minmay_bisected
D:5:      layout_rooms, mainiacjoe_overflow_alcove_2,
          hangedman_decor_clover_reticule
D:6:      layout_loops_corners, mainiacjoe_overflow_boulevard,
          minmay_temple_entry_from_below_b
D:7:      layout_cave_pools, serial_co_window_serial, co_window_paths_a,
          co_window_paths_b, co_window_paths_b, co_window_paths_b,
          co_window_of_opportunity_a, co_window_corner_a,
          co_window_unsneaky_path_b, co_window_corner_b, co_window_corner_ca,
          co_window_4corner_a

Skill      XL: |  1  2  3  4  5  6  7  8 |
---------------+-------------------------+-----
Unarmed Combat | 3 4 |  4.9
Transmutations | 2 3 4 7 9 |  9.1
Spellcasting   | 3 |  3.4
Ice Magic      | 1 |  1.2
Fighting       | |  1.0
Dodging        | |  1.7

Action                   |  1- 3 |  4- 6 |  7- 9 || total
-------------------------+-------+-------+-------++-------
Melee: Unarmed           |    90 |   201 |   194 ||   485
       Kick              |    16 |    46 |    37 ||    99
       Punch             |     4 |     7 |     4 ||    15
       Headbutt          |     8 |    27 |    20 ||    55
 Cast: Beastly Appendage |    25 |    36 |    14 ||    75
       Ice Form          |       |     3 |    11 ||    14
       Wereblood         |       |     1 |     2 ||     3
  Use: Scroll            |     6 |    10 |     5 ||    21
       Potion            |       |     3 |       ||     3
 Stab: Sleeping          |     3 |       |       ||     3
       Paralysed         |       |    16 |     6 ||    22
Armor: Robe              |    17 |    33 |    23 ||    73
       Skin              |       |     8 |    21 ||    29
Dodge: Dodged            |    49 |   143 |    89 ||   281

Table legend: (Time is in decaauts)
 A = Elapsed time spent in this place.
 B = Non-inter-level travel time spent in this place.
 C = Inter-level travel time spent in this place.
 D = Time resting spent in this place.
 E = Time spent auto-exploring this place.
 F = Levels seen in this place.
 G = Mean time per level.
                   A        B        C        D        E       F      G
               +--------+--------+--------+--------+--------+-----+--------+
         Total |  10412 |  10159 |    253 |   1953 |   6823 |   7 | 1487.4 |
       Dungeon |  10412 |  10159 |    253 |   1953 |   6823 |   7 | 1487.4 |
               +--------+--------+--------+--------+--------+-----+--------+

Top non-repeatable levels by time:
     D:2: 2395 daAuts
     D:3: 2359 daAuts
     D:6: 1778 daAuts
     D:5: 1523 daAuts
     D:4: 1396 daAuts
     D:1: 884 daAuts
     D:7: 75 daAuts
